 Dungeon Crawl Stone Soup version 0.26.1-11-gd32895ea62 (webtiles) character file.

Game seed: 2482295204423175349

45 MisterFreud the Ducker (level 3, -2/17 HPs)
             Began as a Felid Abyssal Knight on May 8, 2021.
             Was a Follower of Lugonu.
             Slain by a worm (6 damage)
             ... on level 2 of the Dungeon.
             The game lasted 00:02:03 (2273 turns).

MisterFreud the Ducker (Felid Abyssal Knight)       Turns: 2273, Time: 00:02:03

Health: -2/17      AC:  1    Str:  8    XL:     3   Next: 42%
Magic:  5/5        EV: 18    Int: 13    God:    Lugonu [*.....]
Gold:   116        SH:  5    Dex: 16    Spells: 2/2 levels left
                                        Lives:  0   Deaths: 0

rFire    . . .     SeeInvis +     - Unarmed
rCold    . . .     Faith    .   (shield unavailable)
rNeg     . . .     Spirit   .   (armour unavailable)
rPois    .         Reflect  +   (helmet unavailable)
rElec    .         Harm     .   (cloak unavailable)
rCorr    .         Rampage  .   (gloves unavailable)
Will     +....     Rnd*Tele +   (boots unavailable)
Stlth    +++.......             l - amulet of reflection
HPRegen  0.05/turn              (no ring)
MPRegen  0.09/turn              (no ring)

@: quick
A: very small, no armour, no weapons or thrown items, stealth, claws 1, fangs 3,
see invisible, speed 1, strong-willed 1, sense surroundings 1, shaggy fur 1,
teleportitis 1, MP-powered wands, sharp paws
a: Renounce Religion, Depart the Abyss


You were on level 2 of the Dungeon.
You worshipped Lugonu.
Lugonu was aware of your devotion.
You visited 1 branch of the dungeon, and saw 3 of its levels.
You visited the Abyss 1 time.

You collected 116 gold pieces.

Inventory:

Jewellery
 l - an amulet of reflection (around neck)
Scrolls
 b - a scroll of identify {unknown}
 d - 4 scrolls of teleportation {unknown}
 e - a scroll of fog {unknown}
 h - 2 scrolls of remove curse {unknown}
 k - a scroll of immolation {unknown}
Potions
 a - a potion of flight {unknown}
 c - a potion of cancellation {unknown}
 f - a potion of curing {unknown}
 g - a potion of heal wounds {unknown}
 i - a potion of might {unknown}
 j - a potion of mutation


   Skills:
 - Level 3.0 Fighting
 - Level 3.2 Dodging
 + Level 3.2 Stealth
 + Level 3.0 Unarmed Combat
 - Level 1.7 Invocations


You had 2 spell levels left.
You didn't know any spells.
Your spell library was empty.

Dungeon Overview and Level Annotations

Branches:
Dungeon (3/15)

Altars:


Innate Abilities, Weirdness & Mutations

You cannot wear armour.
You are incapable of wielding weapons or throwing items.
Your paws allow you to move quietly. (Stealth)
You have sharp claws.
You have razor-sharp teeth.
You have supernaturally acute eyesight. (SInv)
You cover ground quickly.
You are covered in fur. (AC +1)
Your sharp claws are effective at attacking unaware monsters.
You are strong-willed. (Will+)
You passively map a small area around you.
You are occasionally teleported next to monsters.
You expend magic power (3 MP) to strengthen your wands.


Message History

A worm is nearby!
You scratch the worm. You claw the worm, but do no damage.
The worm is lightly wounded.
You barely miss the worm. You bite the worm, but do no damage.
The worm is lightly wounded.
The worm bites you.
You barely miss the worm. You scratch the worm.
The worm is moderately wounded.
The worm bites you!
* * * LOW HITPOINT WARNING * * *
You scratch the worm.
The worm is heavily wounded.
You scratch the worm but do no damage.
The worm is heavily wounded.
You block the worm's attack.
You scratch the worm. You bite the worm.
The worm is severely wounded.
The worm bites you.
You die...

#...# ,, *#.# ##..≈≈≈≈ #.### , ,
...#.# #...≈≈≈≈ #.# ,...#.#
#..≈≈≈≈≈ ###.# #..#.######..≈≈≈≈.
#...### #..#......#)≈≈≈≈≈♣
......# #..######.#.≈.≈≈≈≈
#.##.## #..# #....'.≈≈≈≈≈≈ #.##.#
* #w.###.####..≈≈≈≈≈ #....#
#...#@.....<....≈≈≈≈.≈ ######
##...#.####.##....≈≈≈≈≈ .....#
#....+................. ####.#
#....#.####.##.....#.## ...# *
#....#.# #.##.#.....##
##.#+######....#.# #.##.#.##..##
..........#....#.####.##.#.......
..........'>...........†..)......
..........##............<.......#


You could see a worm.

Vanquished Creatures
  An adder (D:2)
  A worm (D:2)
  2 leopard geckos (D:1)
  8 bats
  2 goblins
  6 hobgoblins
  4 jackals (D:1)
  3 frilled lizards (D:1)
  A kobold (D:1)
  A rat (D:2)
29 creatures vanquished.

Notes
Turn   | Place    | Note
-------+----------+-------------------------------------------
     0 | Abyss:1  | MisterFreud the Felid Abyssal Knight began the quest for
                  | the Orb.
     0 | Abyss:1  | Reached XP level 1. HP: 10/10 MP: 3/3
   139 | Abyss:1  | Noticed a starcursed mass
   139 | Abyss:1  | Noticed a fire bat
   139 | Abyss:1  | Noticed a quasit
   139 | Abyss:1  | Noticed a cyan very ugly thing
   140 | D:1      | Escaped the Abyss
   175 | D:1      | Reached skill level 1 in Stealth
   350 | D:1      | Reached * piety under Lugonu
   351 | D:1      | Reached XP level 2. HP: 11/14 MP: 4/4
   998 | D:1      | You fall into a shaft and drop 1 floor!
  1062 | D:2      | Reached XP level 3. HP: 17/17 MP: 5/5
  1419 | D:2      | Gained mutation: You passively map a small area around you.
                  | [potion of mutation]
  1419 | D:2      | Gained mutation: You expend magic power (3 MP) to
                  | strengthen your wands. [potion of mutation]
  1419 | D:2      | Gained mutation: You are occasionally teleported next to
                  | monsters. [potion of mutation]
  1419 | D:2      | Gained mutation: You are strong-willed. (Will+) [potion of
                  | mutation]
  1583 | D:2      | Found a faded altar of an unknown god.
  2273 | D:2      | Slain by a worm

Illustrated notes

Levels and vault maps discovered:
D:1:      saegor_arrival_simple_a, layout_loops_ring
D:2:      layout_basic, chequers_ecumenical_altar_island, uniq_terence
D:3:      layout_basic, uniq_grinder

Skill      XL: |  1  2  3 |
---------------+----------+-----
Stealth        | 1 2 3 |  3.2
Unarmed Combat | 3 |  3.0
Fighting       | |  3.0
Dodging        | |  3.2
Invocations    | |  1.7

Action                   || total
-------------------------++-------
Melee: Unarmed           ||    90
       Bite              ||     8
       Punch             ||     3
Invok: Depart the Abyss  ||     1
  Use: Potion            ||     2
 Stab: Sleeping          ||     6
Armor: Skin              ||     5
Dodge: Dodged            ||    76
Block: Other             ||     2
